 Dungeon Crawl Stone Soup version 0.31-a0-986-g5e6e4ef867 (webtiles) character file.

Game seed: 3813196671877964330

97 horus123 the Changeling (level 4, -3/30 (32) HPs)
             Began as a Merfolk Shapeshifter on Nov 23, 2023.
             Slain by a wight
             ... wielding a +0 flail
              (11 damage)
             ... on level 6 of the Dungeon.
             The game lasted 00:03:34 (2336 turns).

horus123 the Changeling (Merfolk Shapeshifter)      Turns: 2336, Time: 00:03:34

HP:   -3/30 (32)    AC:  2    Str: 16    XL:     4   Next: 68%
MP:   4/4           EV: 12    Int:  9    God:
Gold: 168           SH:  0    Dex: 13    Spells: 3/3 levels left

rFire   . .          .
                       - Unarmed
rCold   . . .        (no shield)
rNeg    . . .        a - +0 animal skin
rPois   .            (helmet currently unavailable)
rElec   .            (cloak currently unavailable)
rCorr   .            (gloves currently unavailable)
SInv    .            (boots currently unavailable)
Will    .....        (no amulet)
Stlth   +            (no ring)
HPRegen 0.25/turn    (no ring)
MPRegen 0.09/turn

%: no passive effects
@: beast-form, drained
A: beast (slay +3), (nimble swimmer 2), mertail
a: Begin Untransformation


You were on level 6 of the Dungeon.
You were a hulking beast.
You visited 1 branch of the dungeon, and saw 4 of its levels.

You collected 168 gold pieces.

Inventory:

Hand Weapons
 k - a +0 mace
 r - a +1 hand axe of freezing
Missiles
 s - a throwing net
Armour
 a - a +0 animal skin (worn)
 e - a +0 helmet
 i - a +1 pair of boots
Talismans
 c - a beast talisman
 d - a flux talisman
Wands
 n - a wand of mindburst (20)
Scrolls
 h - 2 scrolls of noise {unknown}
 j - 2 scrolls of enchant weapon {unknown}
 l - 2 scrolls of teleportation {unknown}
 o - 3 scrolls of enchant armour {unknown}
 p - a scroll of identify {unknown}
Potions
 b - a potion of lignification
 f - a potion of curing {unknown}
 g - 2 potions of enlightenment {unknown}
 m - 3 potions of mutation {unknown}
 q - a potion of invisibility {unknown}
 t - a potion of resistance {unknown}


   Skills:
 - Level 1.1 Fighting
 - Level 2.6 Dodging
 - Level 3.2 Unarmed Combat
 + Level 6.6 Shapeshifting


You had 3 spell levels left.
You didn't know any spells.
Your spell library contained the following spells:

 Spells                   Type           Power      Damage    Failure   Level
 Freeze                   Ice            0%         1d3       38%         1
 Sandblast                Erth           0%         2d4       38%         1
 Sting                    Tmut/Pois      0%         1d3       38%         1
 Passwall                 Tmut/Erth      0%         N/A       52%         2
 Frozen Ramparts          Ice            0%         1d1       77%         3
 Hailstorm                Conj/Ice       0%         3d3       77%         3
 Stone Arrow              Conj/Erth      0%         3d7       77%         3
 Summon Guardian Golem    Hex/Summ       0%         N/A       77%         3
 Swiftness                Air            0%         N/A       77%         3
 Airstrike                Air            0%         2d(0-16)  99%         4
 Brom's Barrelling Bould  Conj/Erth      0%         2d3       99%         4
 Orb of Destruction       Conj           0%         9d5       100%        7
 Spellforged Servitor     Conj/Summ      0%         N/A       100%        7


Dungeon Overview and Level Annotations

Branches:
Dungeon (3/15)

Altars:
Ashenzari
Elyvilon
Sif Muna
Trog
Zin
The Shining One


Innate Abilities, Weirdness & Mutations

You are a hulking beast.
Your limbs bulge with bestial killing power. (Slay +3)
((You are very nimble when in or above water. (Stealth+, EV+, Speed+++)))
Your lower body shifts to a powerful aquatic tail in water.


Message History

An adder comes into view.
An adder is nearby!
The helpless adder fails to defend itself.
You punch the adder!
The adder is almost dead.
The adder bites you.
You hit the adder.
You kill the adder!
No target in view!
No target in view!
No target in view!
No target in view!
No target in view!
No target in view!
No target in view!
You now have 159 gold pieces (gained 12).
Found a white marble altar of Elyvilon.
You now have 168 gold pieces (gained 9).
Found a bloodstained altar of Trog and a broken altar of Ashenzari.
No target in view!
Found a glowing golden altar of the Shining One.
Found a glowing silver altar of Zin.
Found a shimmering blue altar of Sif Muna.
A malevolent force fills the Dungeon...
You fall into a shaft and drop 3 floors!
The shaft crumbles and collapses.
A wight comes into view. It is wielding a +0 flail.
A wight comes into view. It is wielding a +0 scimitar.
You hit the wight but do no damage. The wight closely misses you.
You hit the wight.
The wight is heavily damaged.
The wight hits you with a +0 flail!
You barely miss the wight.
The wight is heavily damaged.
You closely miss the wight.
The wight is heavily damaged.
The wight hits you with a +0 scimitar!
You feel drained.
* * * LOW HITPOINT WARNING * * *
The wight hits you with a +0 flail!
You die...

####### ##
.....# .
#..#.# .#
#..#.##.#
##.#.z#....#
#....zh..#
##.#####.#
#.#####.#
#.......#
#.#######


You could see 2 wights.

Vanquished Creatures
  3 adders
  2 ufetubi (D:3)
  A worm (D:2)
  A dart slug (D:1)
  An orc (D:3)
  5 endoplasms
  A giant cockroach (D:3)
  2 goblins (D:1)
  6 hobgoblins
  2 jackals (D:2)
  2 quokkas
  5 ball pythons
  4 bats
  10 frilled lizards
  6 kobolds
  3 rats
54 creatures vanquished.

Notes
Turn   | Place    | Note
-------+----------+-------------------------------------------
     0 | D:1      | horus123 the Merfolk Shapeshifter began the quest for the
                  | Orb.
     0 | D:1      | Reached XP level 1. HP: 15/15 MP: 1/1
    99 | D:1      | Reached XP level 2. HP: 17/21 MP: 2/2
   289 | D:1      | Reached skill level 5 in Shapeshifting
   641 | D:1      | Reached XP level 3. HP: 26/26 MP: 3/3
   755 | D:2      | Identified the "Kuinew"
   835 | D:2      | Found a faded altar of an unknown god.
  1721 | D:3      | Reached skill level 6 in Shapeshifting
  1723 | D:3      | Reached XP level 4. HP: 12/32 MP: 4/4
  2317 | D:3      | Found a white marble altar of Elyvilon.
  2324 | D:3      | Found a bloodstained altar of Trog.
  2324 | D:3      | Found a broken altar of Ashenzari.
  2325 | D:3      | Found a glowing golden altar of the Shining One.
  2326 | D:3      | Found a glowing silver altar of Zin.
  2327 | D:3      | Found a shimmering blue altar of Sif Muna.
  2327 | D:3      | You fall into a shaft and drop 3 floors!
  2336 | D:6      | Slain by a wight

Illustrated notes

Levels and vault maps discovered:
D:1:      grunt_arrival_crossed_arrows, layout_loops_ring
D:2:      layout_basic, basic_ecumenical_altar, eino_tiny_chamber
D:3:      kb_forest_paths, layout_basic, minitemple, uniq_ijyb
D:6:      layout_basic, hex_tiny, uniq_maggie

Skill      XL: |  1  2  3 |
---------------+----------+-----
Shapeshifting  | 5 6 |  6.6
Fighting       | |  1.1
Dodging        | |  2.6
Unarmed Combat | |  3.2

Action                     |  1- 3 |  4- 6 || total
---------------------------+-------+-------++-------
  Melee: Unarmed           |    94 |    44 ||   138
         Punch             |       |     1 ||     1
   Stab: Sleeping          |       |     3 ||     3
 Armour: Animal skin       |    48 |    22 ||    70
  Dodge: Dodged            |    65 |    22 ||    87

Table legend: (Time is in decaauts)
 A = Elapsed time spent in this place.
 B = Non-inter-level travel time spent in this place.
 C = Inter-level travel time spent in this place.
 D = Time resting spent in this place.
 E = Time spent auto-exploring this place.
 F = Levels seen in this place.
 G = Mean time per level.
                   A        B        C        D        E       F      G
               +--------+--------+--------+--------+--------+-----+--------+
         Total |   2328 |   2306 |     22 |    174 |   1718 |   4 |  582.0 |
       Dungeon |   2328 |   2306 |     22 |    174 |   1718 |   4 |  582.0 |
               +--------+--------+--------+--------+--------+-----+--------+

Top non-repeatable levels by time:
     D:2: 1133 daAuts
     D:1: 752 daAuts
     D:3: 434 daAuts
     D:6: 8 daAuts
